General information
- name: BNet
- type: Ladder team game (AT/RT)
- host: Battle.net
- saver: FriendlyTyler
map: Monsoon
- players: 6
- length: 142:20
- speed: Fast
- version: 1.26 W3XP
- replay type:

» download(1279 KB)
Players
team 1 (winner)
BetUWishUNoSrch (
green | 118 APM | 16845 actions | 142:20)
7 Archmage
3 Blizzard
3 Brilliance Aura
1 Mass Teleport
8 Paladin
3 Holy Light
3 Divine Shield
2 Devotion Aura
7 Mountain King
3 Storm Bolt
3 Bash
1 Avatar
» actions
| Assign group hotkey | 24 | |
| Basic commands | 173 | |
| Build / train | 149 | |
| ESC pressed | 15 | |
| Enter build submenu | 69 | |
| Enter hero's abilities submenu | 24 | |
| Give item / drop item | 7 | |
| Right click | 9491 | |
| Select / deselect | 738 | |
| Select group hotkey | 5198 | |
| Use ability | 954 | |
16845 total
» units
| Peasant | 23 | |
| Dragonhawk Rider | 13 | |
36 total
» upgrades
| Lumber Harvesting | 1 | |
| Masonry | 3 | |
| Magic Sentry | 1 | |
| Armor | 3 | |
| Animal War Training | 1 | |
| Cloud | 1 | |
| Swords | 3 | |
| Defend | 1 | |
| Sorceress Training | 1 | |
15 total
» buildings
| Lumber Mill | 2 | |
| Altar of Kings | 2 | |
| Farm | 5 | |
| Scout Tower | 73 | |
| Arcane Tower | 3 | |
| Guard Tower | 41 | |
| Keep | 1 | |
| Town Hall | 2 | |
| Castle | 1 | |
| Arcane Sanctum | 1 | |
| Arcane Vault | 2 | |
| Gryphon Aviary | 1 | |
| Barracks | 1 | |
| Blacksmith | 1 | |
136 total
» build order
00:24 Lumber Mill
00:28 Altar of Kings
00:30 Farm
01:04 Scout Tower
01:31 Scout Tower
01:33 Arcane Tower
01:33 Arcane Tower
01:33 Arcane Tower
01:41 Farm
01:59 Guard Tower
01:59 Guard Tower
02:13 Scout Tower
02:41 Guard Tower
02:55 Scout Tower
03:51 Scout Tower
03:51 Guard Tower
03:55 Scout Tower
03:57 Scout Tower
03:59 Keep
04:20 Guard Tower
04:23 Scout Tower
04:35 Guard Tower
05:28 Town Hall
06:12 Guard Tower
06:17 Scout Tower
06:18 Scout Tower
06:24 Farm
06:46 Guard Tower
07:03 Guard Tower
08:36 Castle
08:37 Arcane Sanctum
08:45 Scout Tower
08:46 Scout Tower
08:47 Scout Tower
08:48 Scout Tower
08:51 Scout Tower
08:51 Scout Tower
08:52 Scout Tower
08:52 Scout Tower
08:54 Scout Tower
08:54 Scout Tower
09:00 Scout Tower
09:01 Scout Tower
09:01 Scout Tower
09:02 Scout Tower
09:15 Guard Tower
09:21 Guard Tower
09:22 Guard Tower
09:43 Guard Tower
09:45 Guard Tower
10:02 Guard Tower
10:04 Guard Tower
10:04 Guard Tower
10:05 Guard Tower
10:16 Guard Tower
10:24 Scout Tower
10:38 Guard Tower
10:56 Guard Tower
10:59 Scout Tower
11:00 Arcane Vault
11:55 Guard Tower
11:57 Scout Tower
11:57 Scout Tower
12:05 Gryphon Aviary
12:07 Barracks
12:09 Blacksmith
12:36 Guard Tower
12:42 Arcane Vault
13:11 Guard Tower
13:13 Scout Tower
13:26 Farm
13:26 Farm
13:48 Guard Tower
13:51 Scout Tower
13:51 Scout Tower
13:52 Scout Tower
13:53 Scout Tower
14:51 Guard Tower
14:53 Guard Tower
14:54 Scout Tower
14:54 Scout Tower
14:55 Scout Tower
14:55 Scout Tower
15:26 Guard Tower
15:29 Guard Tower
15:42 Lumber Mill
20:10 Scout Tower
20:10 Scout Tower
20:11 Scout Tower
20:12 Scout Tower
20:12 Scout Tower
20:16 Scout Tower
20:18 Scout Tower
20:19 Scout Tower
20:20 Scout Tower
20:20 Scout Tower
20:21 Scout Tower
22:24 Altar of Kings
24:12 Scout Tower
24:13 Scout Tower
24:14 Scout Tower
24:15 Scout Tower
24:16 Scout Tower
24:46 Town Hall
24:46 Guard Tower
24:49 Scout Tower
24:49 Scout Tower
24:50 Scout Tower
24:50 Scout Tower
25:07 Guard Tower
25:09 Scout Tower
25:09 Scout Tower
25:10 Scout Tower
25:11 Scout Tower
25:14 Scout Tower
25:15 Scout Tower
25:18 Guard Tower
25:19 Guard Tower
25:45 Guard Tower
25:46 Guard Tower
25:46 Guard Tower
26:45 Guard Tower
26:45 Guard Tower
40:54 Scout Tower
40:55 Scout Tower
40:55 Scout Tower
40:56 Scout Tower
40:58 Scout Tower
40:58 Scout Tower
40:59 Scout Tower
40:59 Scout Tower
41:01 Scout Tower
41:02 Scout Tower
51:12 Guard Tower
» items
| Healing Salve | 2 | |
| Staff of Teleportation | 3 | |
| Boots of Speed | 2 | |
| Lesser Clarity Potion | 2 | |
| Staff of Sanctuary | 3 | |
| Orb of Lightning | 3 | |
| Tome of Retraining | 1 | |
16 total
FriendlyTyler (
yellow | 128 APM | 18214 actions | 142:20)
10 Blademaster
3 Wind Walk
3 Critical Strike
1 Bladestorm
3 Mirror Image
» actions
| Assign group hotkey | 59 | |
| Basic commands | 40 | |
| Build / train | 152 | |
| Enter build submenu | 88 | |
| Enter hero's abilities submenu | 11 | |
| Give item / drop item | 8 | |
| Remove unit from queue | 2 | |
| Right click | 14428 | |
| Select / deselect | 1275 | |
| Select group hotkey | 1254 | |
| Use ability | 897 | |
18214 total
» units
» upgrades
| Ranged Weapons | 2 | |
| Liquid Fire | 1 | |
| Reinforced Defenses | 1 | |
| Troll Regeneration | 1 | |
5 total
» buildings
| Altar of Storms | 1 | |
| Orc Burrow | 4 | |
| War Mill | 1 | |
| Voodoo Lounge | 4 | |
| Watch Tower | 56 | |
| Stronghold | 1 | |
| Beastiary | 3 | |
| Fortress | 1 | |
| Great Hall | 4 | |
| Barracks | 1 | |
76 total
» build order
00:19 Altar of Storms
00:20 Orc Burrow
00:36 War Mill
01:24 Voodoo Lounge
02:16 Watch Tower
02:17 Watch Tower
02:22 Watch Tower
02:38 Watch Tower
02:55 Watch Tower
03:05 Watch Tower
03:16 Watch Tower
03:35 Watch Tower
04:11 Watch Tower
04:13 Watch Tower
04:32 Stronghold
04:46 Watch Tower
05:18 Watch Tower
05:21 Watch Tower
05:46 Orc Burrow
05:59 Watch Tower
06:35 Watch Tower
06:39 Watch Tower
06:44 Orc Burrow
07:26 Beastiary
07:54 Beastiary
08:39 Watch Tower
08:45 Watch Tower
08:48 Watch Tower
09:45 Fortress
09:52 Watch Tower
10:23 Watch Tower
10:31 Orc Burrow
12:15 Great Hall
13:23 Voodoo Lounge
15:32 Voodoo Lounge
16:46 Voodoo Lounge
16:57 Beastiary
18:10 Watch Tower
18:39 Watch Tower
20:10 Great Hall
21:26 Watch Tower
22:52 Watch Tower
23:49 Watch Tower
23:50 Watch Tower
24:33 Watch Tower
24:47 Great Hall
25:19 Watch Tower
27:37 Watch Tower
27:38 Watch Tower
27:39 Watch Tower
28:27 Watch Tower
28:31 Watch Tower
28:42 Watch Tower
28:43 Watch Tower
29:16 Watch Tower
29:17 Watch Tower
29:18 Watch Tower
29:49 Watch Tower
29:53 Watch Tower
29:53 Watch Tower
31:26 Watch Tower
31:27 Watch Tower
32:35 Watch Tower
32:36 Watch Tower
36:41 Great Hall
40:37 Watch Tower
40:38 Watch Tower
40:39 Watch Tower
40:41 Watch Tower
40:58 Watch Tower
41:00 Watch Tower
41:00 Watch Tower
41:04 Watch Tower
41:05 Watch Tower
42:16 Watch Tower
54:11 Barracks
» items
| Healing Salve | 5 | |
| Lesser Clarity Potion | 18 | |
| Boots of Speed | 1 | |
| Staff of Teleportation | 1 | |
| Orb of Lightning | 1 | |
26 total
yumyumjam (
pink | 121 APM | 17249 actions | 142:20)
8 Mountain King
3 Storm Bolt
3 Bash
1 Avatar
1 Thunder Clap
7 Paladin
3 Holy Light
3 Divine Shield
1 Devotion Aura
7 Blood Mage
3 Banish
3 Flame Strike
1 Summon Phoenix
» actions
| Assign group hotkey | 388 | |
| Basic commands | 34 | |
| Build / train | 135 | |
| Enter build submenu | 89 | |
| Enter hero's abilities submenu | 27 | |
| Give item / drop item | 5 | |
| Right click | 9427 | |
| Select / deselect | 875 | |
| Select group hotkey | 5388 | |
| Use ability | 881 | |
17249 total
» units
» upgrades
| Masonry | 3 | |
| Lumber Harvesting | 2 | |
| Magic Sentry | 1 | |
| Sorceress Training | 2 | |
8 total
» buildings
| Altar of Kings | 1 | |
| Lumber Mill | 1 | |
| Farm | 4 | |
| Scout Tower | 80 | |
| Arcane Vault | 3 | |
| Arcane Tower | 10 | |
| Guard Tower | 35 | |
| Keep | 1 | |
| Town Hall | 1 | |
| Castle | 1 | |
| Arcane Sanctum | 1 | |
138 total
» build order
00:04 Altar of Kings
00:22 Lumber Mill
00:33 Farm
00:48 Farm
00:57 Farm
01:26 Scout Tower
01:32 Scout Tower
01:33 Scout Tower
01:56 Arcane Vault
02:07 Arcane Tower
02:07 Arcane Tower
02:08 Arcane Tower
02:11 Scout Tower
02:30 Arcane Vault
02:54 Scout Tower
02:55 Guard Tower
03:24 Guard Tower
03:25 Scout Tower
04:18 Scout Tower
04:19 Scout Tower
04:43 Scout Tower
04:43 Guard Tower
04:46 Arcane Tower
04:47 Guard Tower
04:49 Scout Tower
04:51 Scout Tower
05:08 Farm
05:14 Guard Tower
05:15 Scout Tower
07:13 Keep
07:27 Scout Tower
07:56 Town Hall
08:48 Guard Tower
08:53 Scout Tower
08:54 Scout Tower
09:01 Arcane Vault
09:42 Castle
10:16 Guard Tower
10:24 Scout Tower
10:25 Scout Tower
10:28 Arcane Sanctum
10:31 Guard Tower
10:32 Scout Tower
11:02 Guard Tower
11:04 Scout Tower
11:04 Scout Tower
11:19 Scout Tower
11:21 Scout Tower
11:24 Scout Tower
11:46 Guard Tower
11:53 Guard Tower
11:55 Scout Tower
11:56 Scout Tower
12:00 Scout Tower
12:21 Scout Tower
13:09 Guard Tower
13:42 Guard Tower
13:48 Scout Tower
13:52 Scout Tower
13:53 Scout Tower
14:00 Scout Tower
14:02 Scout Tower
14:06 Guard Tower
14:16 Guard Tower
14:28 Scout Tower
14:29 Guard Tower
14:33 Guard Tower
14:36 Scout Tower
14:37 Guard Tower
14:54 Guard Tower
15:02 Guard Tower
15:03 Guard Tower
15:09 Scout Tower
15:51 Guard Tower
15:52 Scout Tower
15:53 Scout Tower
16:04 Scout Tower
16:18 Scout Tower
16:19 Scout Tower
16:20 Guard Tower
16:25 Scout Tower
16:43 Guard Tower
16:45 Scout Tower
16:46 Guard Tower
17:01 Arcane Tower
17:17 Scout Tower
17:18 Scout Tower
17:18 Guard Tower
17:23 Scout Tower
17:24 Scout Tower
17:29 Scout Tower
17:29 Scout Tower
18:41 Scout Tower
18:41 Guard Tower
18:44 Scout Tower
18:46 Scout Tower
20:12 Scout Tower
20:12 Scout Tower
20:51 Guard Tower
21:05 Scout Tower
22:23 Guard Tower
23:09 Guard Tower
23:28 Scout Tower
23:29 Scout Tower
24:07 Guard Tower
24:08 Scout Tower
24:09 Scout Tower
24:49 Guard Tower
24:52 Scout Tower
24:54 Scout Tower
24:55 Scout Tower
25:25 Scout Tower
25:26 Scout Tower
26:05 Guard Tower
26:54 Scout Tower
26:55 Scout Tower
26:55 Scout Tower
27:31 Guard Tower
28:19 Scout Tower
28:31 Scout Tower
28:33 Scout Tower
28:34 Scout Tower
28:36 Scout Tower
28:44 Guard Tower
32:32 Scout Tower
32:33 Scout Tower
32:33 Scout Tower
32:38 Scout Tower
32:39 Scout Tower
33:36 Arcane Tower
37:13 Scout Tower
37:14 Scout Tower
37:45 Arcane Tower
38:57 Arcane Tower
39:14 Scout Tower
39:16 Scout Tower
40:14 Arcane Tower
» items
| Boots of Speed | 3 | |
| Staff of Teleportation | 3 | |
| Healing Salve | 1 | |
| Lesser Clarity Potion | 5 | |
| Orb of Lightning | 3 | |
| Staff of Sanctuary | 3 | |
| Scroll of Regeneration | 1 | |
| Scroll of Town Portal | 3 | |
22 total
team 2 (loser)
FU.Milos (
red | 183 APM | 24744 actions | 135:34)
8 Demon Hunter
3 Mana Burn
3 Evasion
1 Metamorphosis
1 Immolation
4 Keeper of the Grove
2 Entangling Roots
2 Thorns Aura
» actions
| Assign group hotkey | 79 | |
| Basic commands | 65 | |
| Build / train | 130 | |
| ESC pressed | 4 | |
| Enter build submenu | 33 | |
| Enter hero's abilities submenu | 12 | |
| Give item / drop item | 6 | |
| Remove unit from queue | 2 | |
| Right click | 10666 | |
| Select / deselect | 1981 | |
| Select group hotkey | 11414 | |
| Use ability | 352 | |
24744 total
» units
| Wisp | 39 | |
| Huntress | 1 | |
| Hippogryph | 5 | |
| Chimaera | 36 | |
81 total
» upgrades
| Strength of the Wild | 3 | |
| Corrosive Breath | 1 | |
| Well Spring | 1 | |
| Reinforced Hides | 3 | |
| Nature's Blessing | 1 | |
9 total
» buildings
| Altar of Elders | 1 | |
| Moon Well | 12 | |
| Hunter's Hall | 1 | |
| Ancient of War | 1 | |
| Tree of Ages | 1 | |
| Tree of Eternity | 1 | |
| Ancient of Wind | 1 | |
| Ancient of Wonders | 2 | |
| Tree of Life | 4 | |
| Chimaera Roost | 2 | |
| Ancient Protector | 19 | |
45 total
» build order
00:09 Altar of Elders
00:18 Moon Well
01:46 Hunter's Hall
01:53 Ancient of War
02:05 Moon Well
03:08 Tree of Ages
04:22 Moon Well
05:43 Tree of Eternity
05:44 Ancient of Wind
06:03 Ancient of Wonders
07:00 Tree of Life
07:20 Moon Well
08:48 Moon Well
08:52 Chimaera Roost
09:11 Chimaera Roost
10:28 Moon Well
12:10 Ancient Protector
14:02 Moon Well
17:26 Tree of Life
17:49 Tree of Life
18:00 Ancient Protector
18:00 Ancient Protector
18:01 Ancient Protector
18:02 Ancient Protector
18:02 Ancient Protector
18:03 Ancient Protector
18:04 Ancient Protector
26:09 Moon Well
28:49 Ancient Protector
28:50 Ancient Protector
28:54 Ancient Protector
29:44 Ancient Protector
29:57 Ancient Protector
32:24 Tree of Life
33:18 Ancient Protector
35:08 Ancient Protector
35:09 Ancient Protector
35:10 Ancient Protector
35:11 Ancient Protector
35:14 Ancient Protector
72:14 Moon Well
72:14 Moon Well
72:15 Moon Well
72:16 Moon Well
100:02 Ancient of Wonders
» items
| Boots of Speed | 1 | |
| Staff of Teleportation | 1 | |
| Dust of Appearance | 1 | |
| Potion of Healing | 2 | |
| Scroll of Healing | 1 | |
| Scroll of Protection | 1 | |
| Orb of Venom | 1 | |
| Scroll of Regeneration | 1 | |
| Moonstone | 1 | |
10 total
spirit_brakers (
purple | 95 APM | 12828 actions | 135:23)
5 Death Knight
3 Death Coil
1 Death Pact
1 Unholy Aura
4 Lich
2 Frost Nova
2 Frost Armor
1 Dark Ranger
1 Silence
» actions
| Assign group hotkey | 130 | |
| Basic commands | 853 | |
| Build / train | 102 | |
| Enter build submenu | 15 | |
| Enter hero's abilities submenu | 10 | |
| Right click | 5782 | |
| Select / deselect | 1130 | |
| Select group hotkey | 4669 | |
| Use ability | 137 | |
12828 total
» units
| Acolyte | 6 | |
| Ghoul | 4 | |
| Crypt Fiend | 7 | |
| Frost Wyrm | 15 | |
32 total
» upgrades
| Web | 1 | |
| Creature Carapace | 3 | |
| Freezing Breath | 1 | |
| Creature Attack | 3 | |
8 total
» buildings
| Graveyard | 1 | |
| Crypt | 1 | |
| Altar of Darkness | 1 | |
| Ziggurat | 9 | |
| Tomb of Relics | 1 | |
| Nerubian Tower | 3 | |
| Halls of the Dead | 2 | |
| Black Citadel | 2 | |
| Sacrificial Pit | 1 | |
| Boneyard | 2 | |
| Spirit Tower | 13 | |
36 total
» build order
00:14 Graveyard
00:18 Crypt
00:33 Altar of Darkness
00:39 Ziggurat
00:51 Tomb of Relics
01:19 Ziggurat
02:20 Nerubian Tower
02:21 Nerubian Tower
03:23 Ziggurat
04:21 Halls of the Dead
06:01 Ziggurat
06:55 Black Citadel
06:58 Sacrificial Pit
08:49 Ziggurat
09:22 Boneyard
09:23 Boneyard
10:28 Ziggurat
11:32 Spirit Tower
11:32 Spirit Tower
11:52 Spirit Tower
11:52 Spirit Tower
12:22 Nerubian Tower
12:24 Spirit Tower
13:21 Ziggurat
14:59 Spirit Tower
18:46 Ziggurat
18:47 Ziggurat
31:18 Spirit Tower
31:18 Spirit Tower
31:19 Spirit Tower
31:20 Spirit Tower
» items
| Rod of Necromancy | 1 | |
| Dust of Appearance | 1 | |
| Scroll of Healing | 3 | |
| Scroll of Town Portal | 1 | |
6 total
vitezredazmaja (
orange | 91 APM | 12971 actions | 142:20)
6 Mountain King
3 Storm Bolt
2 Bash
1 Avatar
5 Paladin
3 Holy Light
2 Divine Shield
4 Dark Ranger
2 Silence
2 Life Drain
» actions
| Assign group hotkey | 181 | |
| Basic commands | 73 | |
| Build / train | 149 | |
| Enter build submenu | 63 | |
| Enter hero's abilities submenu | 15 | |
| Give item / drop item | 2 | |
| Remove unit from queue | 6 | |
| Right click | 6925 | |
| Select / deselect | 1627 | |
| Select group hotkey | 3311 | |
| Use ability | 619 | |
12971 total
» units
| Peasant | 29 | |
| Footman | 5 | |
| Flying Machine | 14 | |
| Mortar Team | 17 | |
| Siege Engine | 2 | |
67 total
» upgrades
| Lumber Harvesting | 2 | |
| Flare | 1 | |
| Fragmentation Shards | 1 | |
| Gunpowder | 3 | |
| Masonry | 3 | |
| Flak Cannons | 1 | |
| Flying Machine Bombs | 1 | |
| Barrage | 1 | |
| Plating | 3 | |
| Armor | 1 | |
17 total
» buildings
| Altar of Kings | 2 | |
| Barracks | 1 | |
| Farm | 11 | |
| Scout Tower | 47 | |
| Arcane Tower | 2 | |
| Keep | 1 | |
| Arcane Vault | 2 | |
| Blacksmith | 1 | |
| Lumber Mill | 2 | |
| Workshop | 3 | |
| Town Hall | 3 | |
| Guard Tower | 15 | |
| Castle | 1 | |
91 total
» build order
00:28 Altar of Kings
00:43 Barracks
00:53 Farm
01:08 Farm
01:49 Scout Tower
01:57 Farm
02:13 Farm
02:51 Arcane Tower
04:06 Keep
04:22 Arcane Vault
04:48 Scout Tower
04:49 Scout Tower
04:51 Scout Tower
04:52 Scout Tower
05:19 Blacksmith
05:31 Lumber Mill
05:49 Farm
05:50 Farm
06:35 Workshop
06:36 Workshop
06:40 Town Hall
07:09 Guard Tower
08:47 Scout Tower
08:48 Scout Tower
08:49 Scout Tower
08:51 Scout Tower
09:51 Farm
09:53 Farm
10:21 Workshop
10:32 Farm
10:33 Farm
11:53 Castle
17:13 Guard Tower
18:05 Guard Tower
27:22 Scout Tower
30:29 Scout Tower
30:39 Town Hall
30:43 Scout Tower
30:46 Scout Tower
30:46 Scout Tower
30:47 Scout Tower
30:49 Scout Tower
30:49 Scout Tower
30:50 Scout Tower
30:53 Scout Tower
30:53 Scout Tower
30:54 Scout Tower
30:57 Scout Tower
30:58 Scout Tower
31:20 Guard Tower
31:33 Guard Tower
31:35 Scout Tower
31:36 Scout Tower
31:38 Scout Tower
32:09 Farm
32:28 Guard Tower
32:56 Guard Tower
35:17 Guard Tower
35:18 Scout Tower
35:20 Scout Tower
35:21 Scout Tower
35:24 Scout Tower
35:25 Scout Tower
35:25 Scout Tower
35:27 Scout Tower
35:58 Guard Tower
36:03 Lumber Mill
36:08 Scout Tower
36:39 Guard Tower
37:45 Guard Tower
40:23 Scout Tower
40:33 Arcane Vault
40:43 Scout Tower
40:46 Scout Tower
40:47 Scout Tower
40:49 Scout Tower
40:51 Scout Tower
41:36 Guard Tower
41:47 Guard Tower
41:51 Scout Tower
41:52 Scout Tower
42:01 Scout Tower
42:54 Scout Tower
42:55 Scout Tower
42:57 Guard Tower
43:04 Scout Tower
43:33 Scout Tower
44:16 Guard Tower
44:19 Arcane Tower
135:20 Altar of Kings
137:58 Town Hall
» items
| Scroll of Regeneration | 5 | |
| Lesser Clarity Potion | 3 | |
| Boots of Speed | 1 | |
| Scroll of Healing | 6 | |
| Scroll of Town Portal | 2 | |
| Staff of Sanctuary | 2 | |
| Orb of Fire | 1 | |
| Potion of Lesser Invulnerability | 2 | |
22 total
Chat log
(13:44 / All) FriendlyTyler: lol
(20:02 / All) FU.Milos: no life mod on huh nerds?
(20:06 / All) FriendlyTyler: ????
(20:13 / All) FriendlyTyler: we are both playing the same game
(20:22 / All) FU.Milos: we dont lame
(20:25 / All) FriendlyTyler: what is lame
(20:26 / All) FU.Milos: and destroy it
(20:28 / All) FriendlyTyler: lame is an adjective
(20:33 / All) FU.Milos: mass tower is lame
(20:38 / All) FriendlyTyler: then kill it
(20:38 / All) FU.Milos: and easy to play
(20:53 / All) yumyumjam: ^you boys stupid or something??
(21:03 / All) FU.Milos: nah i just see
(21:06 / All) FU.Milos: 3 gay lame nerds
(21:11 / All) yumyumjam: can't kill a tower??
(36:23 / All) yumyumjam: thanks
(36:30 / All) FU.Milos: np
(36:37 / All) FU.Milos: hows going with mines? lol
(36:44 / All) yumyumjam: doing great thanks!!!
(41:06 / All) yumyumjam: how ya'll noobs doing?
(41:14 / All) FU.Milos: great
(41:23 / All) FU.Milos: swiming in gold
(41:25 / All) FU.Milos: and u?
(41:30 / All) yumyumjam: swimming in noobs
(41:33 / All) yumyumjam: (the 3 of u)
(41:42 / All) FU.Milos: great
(41:44 / All) vitezredazmaja: we play same tactic :D
(41:48 / All) yumyumjam: it's funny to me
(41:50 / All) FU.Milos: :P
(41:53 / All) yumyumjam: how you'll be in the game for 80 minute
(41:54 / All) FU.Milos: Same
(41:55 / All) yumyumjam: and lose
(41:56 / All) vitezredazmaja: i love this game
(42:02 / All) yumyumjam: why?
(42:03 / All) yumyumjam: you're losibng
(42:05 / All) yumyumjam: you'll lose
(42:09 / All) yumyumjam: and be angry about "lamers"
(42:16 / All) FU.Milos: its not about game
(42:21 / All) FU.Milos: its about taking your time
(42:24 / All) FriendlyTyler: lol
(42:28 / All) FU.Milos: xd
(47:05 / All) FriendlyTyler: LOL
(47:08 / All) yumyumjam: thx noob red
(47:16 / All) FU.Milos: u would even kill
(47:18 / All) FU.Milos: 1 unit
(47:19 / All) FU.Milos: in 1x1
(47:21 / All) FriendlyTyler: ok
(47:23 / All) FriendlyTyler: let's play
(47:25 / All) yumyumjam: want to 1v1? shitnoob?
(47:32 / All) FriendlyTyler: http://highper.ch/win if you want us to leave
(49:20 / All) yumyumjam: mmm killing towers
(49:21 / All) yumyumjam: Is so easy
(49:26 / All) FriendlyTyler: you should try!
(49:32 / All) FriendlyTyler: http://highper.ch/win if you find it too difficult
(49:44 / All) FU.Milos: shup up
(49:46 / All) FU.Milos: fail kids
(49:48 / All) FriendlyTyler: LOL
(50:42 / All) yumyumjam: yumyum
(52:03 / All) yumyumjam: what's it like to lose a 2 hour long game?
(52:13 / All) FU.Milos: same as u
(52:16 / All) yumyumjam: nope
(52:17 / All) FU.Milos: lose vs me in 2 mins
(52:18 / All) yumyumjam: we're winning
(52:19 / All) FU.Milos: 1x1
(52:21 / All) FU.Milos: lol
(52:25 / All) yumyumjam: u want to 1v1? noob?
(52:29 / All) yumyumjam: you can't even kill a tower
(52:32 / All) FU.Milos: sure
(52:36 / All) FU.Milos: trust me
(52:39 / All) FU.Milos: u are more easy
(52:41 / All) FriendlyTyler: lol!
(52:42 / All) yumyumjam: you stay in games you lost
(52:44 / All) yumyumjam: for 2 hours
(52:46 / All) FU.Milos: like pc with handicap
(52:47 / All) vitezredazmaja: we lose thius game
(52:47 / All) yumyumjam: because you're so angry
(52:48 / All) vitezredazmaja: but
(52:50 / All) yumyumjam: that you can't kill a tower
(52:56 / All) BetUWishUNoSrch: but
(52:57 / All) BetUWishUNoSrch: but
(52:58 / All) BetUWishUNoSrch: but
(52:59 / All) BetUWishUNoSrch: but
(53:00 / All) FU.Milos: i cant kill tawer
(53:00 / All) BetUWishUNoSrch: but
(53:01 / All) BetUWishUNoSrch: but
(53:01 / All) BetUWishUNoSrch: burt
(53:03 / All) yumyumjam: but what noobduck
(53:03 / All) BetUWishUNoSrch: BURt
(53:04 / All) FU.Milos: but can win u in 2 mins
(53:09 / All) FriendlyTyler: 2 min
(53:12 / All) FriendlyTyler: that's before hero is out....
(53:14 / All) yumyumjam: let's see after scrubbi
(53:15 / All) FriendlyTyler: how would you do this....
(53:19 / All) FU.Milos: Easy
(53:20 / All) BetUWishUNoSrch: 1....2...3...4....5....6...7....8....9........10
(53:21 / All) BetUWishUNoSrch: 11
(53:21 / All) BetUWishUNoSrch: 12
(53:22 / All) BetUWishUNoSrch: 13
(53:23 / All) BetUWishUNoSrch: 14
(53:24 / All) BetUWishUNoSrch: 15
(53:25 / All) BetUWishUNoSrch: 16
(53:26 / All) BetUWishUNoSrch: 17
(53:27 / All) BetUWishUNoSrch: 18
(53:28 / All) FriendlyTyler: http://highper.ch/
(53:29 / All) BetUWishUNoSrch: 20
(53:30 / All) BetUWishUNoSrch: 21
(53:31 / All) BetUWishUNoSrch: 22
(53:32 / All) BetUWishUNoSrch: 23
(53:33 / All) BetUWishUNoSrch: 24
(53:34 / All) BetUWishUNoSrch: 25
(53:37 / All) BetUWishUNoSrch: 26
(53:45 / All) FU.Milos: funy thing is
(53:46 / All) BetUWishUNoSrch: 2 min...i win
(53:51 / All) vitezredazmaja: waste ur time
(53:57 / All) vitezredazmaja: 1 win 3 hour
(53:57 / All) FU.Milos: u are still fail :)
(54:03 / All) yumyumjam: wasting our time??? this is an amazing game!
(54:12 / All) yumyumjam: we're making inferior slavic shitnoobs lose a game for hours
(54:13 / All) yumyumjam: they're so angry
(54:15 / All) yumyumjam: they can't kill a tower
(54:25 / All) yumyumjam: boo hoo "play me 1v1 I'm so dumb I can't kill 1 tower"
(54:29 / All) yumyumjam: stupid idioté
(54:36 / All) BetUWishUNoSrch: moroné..
(54:39 / All) FU.Milos: cant kill tower
(54:43 / All) FU.Milos: but can win u in 2 mins
(54:45 / All) FU.Milos: ")
(54:47 / All) FriendlyTyler: 2 minutes
(54:47 / All) FU.Milos: free win
(54:50 / All) FriendlyTyler: 2
(54:50 / All) BetUWishUNoSrch: "___)
(54:51 / All) FriendlyTyler: minutes
(54:53 / All) FriendlyTyler: lol
(54:54 / All) yumyumjam: I don't think you know what a minute is
(54:56 / All) BetUWishUNoSrch: thats my retarded russian face
(55:01 / All) FriendlyTyler: where are you from "milos"?
(55:02 / All) BetUWishUNoSrch: i live in chernobyl i am every retarded russian ever
(55:13 / All) FU.Milos: im not russian
(55:14 / All) FU.Milos: :)
(55:21 / All) FU.Milos: see u faild again
(55:25 / All) yumyumjam: all shit eastern europeans are the same
(55:26 / All) FU.Milos: and chernobyle is in
(55:30 / All) FU.Milos: ukraine
(55:33 / All) FU.Milos: fail ppl
(55:33 / All) yumyumjam: do you think anyone else cares?
(55:34 / All) FU.Milos: lol
(55:36 / All) yumyumjam: about slavic trash?
(55:41 / All) BetUWishUNoSrch: ukraine serbia russia all same shit holesx
(55:48 / All) FU.Milos: that say
(55:48 / All) yumyumjam: serbia, ukraine, russia, you're all worthless vodka russians
(55:50 / All) FU.Milos: fat USA ppl
(55:51 / All) yumyumjam: who can't kill a tower
(55:52 / All) FU.Milos: lol
(55:52 / All) BetUWishUNoSrch: who gives a shit about your disgusting poor country
(55:59 / All) FU.Milos: all day sit at home
(56:04 / All) yumyumjam: how many times do you think we've beaten your shitty serbian clan
(56:05 / All) FU.Milos: and playing shity games
(56:06 / All) yumyumjam: www.highper.ch
(56:10 / All) yumyumjam: www.highper.ch
(56:11 / All) yumyumjam: check it out
(56:15 / All) BetUWishUNoSrch: hi!!! ghper.ch
(56:17 / All) FriendlyTyler: bunch of games vs 1389
(56:17 / All) yumyumjam: 10 replays of us owning clan shitbie
(56:19 / All) FU.Milos: i can solo all 3 of u
(56:20 / All) FU.Milos: easly
(56:21 / All) FriendlyTyler: ok
(56:22 / All) FriendlyTyler: lol
(56:25 / All) BetUWishUNoSrch: why cant you 3v3 us then
(56:27 / All) FriendlyTyler: but can you 3v3???
(56:33 / All) FU.Milos: cuz 3x3 is shit
(56:36 / All) FU.Milos: no need micro
(56:37 / All) FU.Milos: :p
(56:39 / All) BetUWishUNoSrch: lol!!!!!!
(56:42 / All) FriendlyTyler: "3v3 is shit" *plays 3v3*
(56:59 / All) yumyumjam: "you don't need micro" *loses because he can't micro against towers*
(56:59 / All) spirit_brakers: last years Serbia own u all in sports :)
(57:28 / All) FU.Milos: what happen when u lose all your gold?
(57:31 / All) FU.Milos: i have 8k
(57:33 / All) FU.Milos: lol
(57:38 / All) FriendlyTyler: lol!
(57:40 / All) vitezredazmaja: i have 22 000 gold :D
(58:08 / All) yumyumjam: nice coil inbred scum
(58:26 / All) FU.Milos: ye ye
(59:16 / All) yumyumjam: nice micro noobs
(59:29 / All) vitezredazmaja: you play only with heros move
(59:34 / All) vitezredazmaja: we move all army
(59:36 / All) vitezredazmaja: noit same
(59:37 / All) FriendlyTyler: and you can't kill us with armies
(60:52 / All) yumyumjam: americans have hamburgers... french people have baguettes and cigarettes
(60:57 / All) yumyumjam: english people have tea and football
(61:05 / All) yumyumjam: serbians have a bag of glue and tracksuits
(61:05 / All) BetUWishUNoSrch: serbians have radiation cancer cause all live in chernobyl....
(61:06 / All) FU.Milos: we got tennis champions
(61:08 / All) FU.Milos: :)
(61:10 / All) FU.Milos: we have
(61:13 / All) FriendlyTyler: TENNIS
(61:15 / All) FriendlyTyler: CHAMPIONS
(61:17 / All) FriendlyTyler: HOLY FUCKING SHIT LOL
(61:21 / All) vitezredazmaja: and big dick for your mother D:
(61:30 / All) FU.Milos: and what u have kid
(61:33 / All) FU.Milos: exept free time
(61:38 / All) FU.Milos: and no gf
(61:40 / All) FriendlyTyler: everything i want
(61:41 / All) FU.Milos: and no friends
(61:43 / All) FriendlyTyler: i am rich canadian man
(61:44 / All) FU.Milos: playing
(61:50 / All) FU.Milos: not rich enough
(61:52 / All) FriendlyTyler: lol
(61:54 / All) FriendlyTyler: ....
(61:55 / All) FU.Milos: when u play wc3
(61:58 / All) vitezredazmaja: canada= stupid people
(62:00 / All) FriendlyTyler: loL!
(62:01 / All) FU.Milos: istead of having family
(62:04 / All) BetUWishUNoSrch: do u know him??? moneyman76@gmail.com
(62:09 / All) FU.Milos: thats not called lucky life
(62:32 / All) FU.Milos: and canda
(62:41 / All) FU.Milos: why USA say so many trahs things about u lol
(62:43 / All) FU.Milos: xD
(62:45 / All) FriendlyTyler: lol!
(62:46 / All) BetUWishUNoSrch: me live in chernobyl
(62:57 / All) FU.Milos: chernobyl is in Ukraine :)
(63:05 / All) FU.Milos: u only missed
(63:07 / All) FU.Milos: like
(63:11 / All) BetUWishUNoSrch: ukraine is city in serbia u shithead
(63:14 / All) BetUWishUNoSrch: ?
(63:14 / All) FU.Milos: 20000 km
(63:16 / All) yumyumjam: attention: no one outside eastern europe gives a shit about eastern europe
(63:19 / All) yumyumjam: worse than africa
(63:21 / All) FU.Milos: ukraine is country
(63:26 / All) FU.Milos: ex USSA republick
(63:28 / All) FU.Milos: dum ass
(63:32 / All) FU.Milos: SSSR*
(63:33 / All) yumyumjam: third world
(63:35 / All) BetUWishUNoSrch: i would rather go to nigeria than spend 1 day in your estonian shithole
(63:36 / All) FU.Milos: republick
(63:40 / All) vitezredazmaja: why USA hate canada?
(63:42 / All) yumyumjam: gold chains, track suits, underage prostitutes
(63:47 / All) FU.Milos: why USA
(63:48 / All) FU.Milos: say
(63:51 / All) FU.Milos: canda ppl are dum
(63:55 / All) FU.Milos: and their womans are
(63:56 / All) yumyumjam: bye dk
(64:00 / All) FriendlyTyler: lol!
(64:01 / All) FU.Milos: wh0res? :p
(64:40 / All) FU.Milos: nice illuson boy
(64:44 / All) FriendlyTyler: ??????
(64:47 / All) FriendlyTyler: : - )
(65:16 / All) FU.Milos: everytime when usa/canada ppl say shit about us
(65:23 / All) FU.Milos: that make us stronger
(65:24 / All) FU.Milos: :)
(65:25 / All) FriendlyTyler: your country is literally in ruins
(65:27 / All) BetUWishUNoSrch: who care about latvia or wherever...
(65:45 / All) FriendlyTyler: the only thing the world knows about you is your religious cleansing escapades of the 90s
(65:49 / All) yumyumjam: if that were true you'd be the fucking hulk by now
(65:51 / All) FriendlyTyler: you are literally garbage
(65:59 / All) BetUWishUNoSrch: i saw a movie where owen wilson killed all serbians
(66:03 / All) yumyumjam: because there's never been a sentence constructed with "serbia" that doesn't also have "shithole" in it
(66:15 / All) FU.Milos: bring more
(66:16 / All) FU.Milos: lol
(66:19 / All) FU.Milos: make us stronger
(66:22 / All) FriendlyTyler: lol
(66:38 / All) yumyumjam: welcome back dk
(74:13 / All) FriendlyTyler: lol
(75:48 / All) vitezredazmaja: sex
(75:56 / All) FU.Milos: booom shakalaka
(75:57 / All) FU.Milos: xD
(76:00 / All) BetUWishUNoSrch: dang....i only got 300 gold.....
(76:08 / All) vitezredazmaja: i have 19 000 :D
(76:12 / All) BetUWishUNoSrch: hey my team can u sell item? i am poor like SERBIA MAN
(76:22 / All) BetUWishUNoSrch: serbia gdp.......4 gold...
(76:32 / All) BetUWishUNoSrch: cuz thye in high upkeep...
(76:38 / All) FU.Milos: yeah
(76:45 / All) FU.Milos: good thing we dont need to pay for sex
(76:48 / All) FU.Milos: like canda ppl
(76:49 / All) FU.Milos: :)
(76:50 / All) FriendlyTyler: ?????
(77:00 / All) BetUWishUNoSrch: my mom give me sex for free.........
(77:10 / All) FU.Milos: good for u son
(85:06 / All) FU.Milos: chunga lunga
(85:08 / All) FU.Milos: hahahaha
(88:03 / All) FriendlyTyler: lol
(88:10 / All) FriendlyTyler: towers don't move
(88:11 / All) FriendlyTyler: just fyi
(103:28 / All) FriendlyTyler: lmao
(104:06 / All) FU.Milos: cunga lungaaaaaaaaaaa
(104:08 / All) FU.Milos: :D
(110:30 / All) FU.Milos: cunga lunga
(110:30 / All) vitezredazmaja: sex
(110:31 / All) FU.Milos: !
(115:26 / All) FU.Milos: chungaaaaaaaaa lungaaaaaaaaaaaaaaaaaaa
(115:37 / All) FriendlyTyler: o no.....i cant res
(116:50 / All) vitezredazmaja: vrcani
(116:51 / All) vitezredazmaja: :D
(119:07 / All) FriendlyTyler: good surrounds guys
(119:18 / All) FU.Milos: almost pritty as
(119:22 / All) FU.Milos: lvl 7 bm dying
(119:28 / All) FriendlyTyler: where is dk????
(119:29 / All) FriendlyTyler: lol
(119:56 / All) yumyumjam: almost as funny as dumb little serbians
(120:04 / All) yumyumjam: getting 5 expansions but losing the game
(120:11 / All) FU.Milos: i like killg your heroes
(120:32 / All) vitezredazmaja: com noobs
(120:34 / All) FriendlyTyler: ok
(122:50 / All) vitezredazmaja: shadow ?
(122:52 / All) vitezredazmaja: :D
(122:59 / All) vitezredazmaja: :D
(123:05 / All) vitezredazmaja: srry
(130:00 / All) FU.Milos: chunga lunga munga
(130:02 / All) FU.Milos: hahaha
(130:05 / All) vitezredazmaja: vracani
(130:21 / All) FriendlyTyler: hey
(130:25 / All) FriendlyTyler: are we still going to 1v1
(130:30 / All) FriendlyTyler: or is it baby serb bedtime now???
(130:31 / All) FU.Milos: sure
(133:51 / All) FriendlyTyler: why your heroes little babies????
(133:53 / All) FriendlyTyler: level 4????
(134:20 / All) FU.Milos: got enough kills of your heroes
(134:23 / All) FU.Milos: so i dotn care
(134:25 / All) FU.Milos: x)
(134:30 / All) FriendlyTyler: you will lose a happy serb??
(134:39 / All) FU.Milos: Yes
(134:40 / All) FriendlyTyler: i gues your people would be used to losing by now
(134:41 / All) FU.Milos: but with pride
(134:50 / All) FU.Milos: Well
(134:56 / All) FriendlyTyler: gg
(134:57 / All) FU.Milos: u know how canda was made?
(134:58 / All) yumyumjam: cya noobs
(134:59 / All) FriendlyTyler: http://highper.ch/
(135:04 / All) FriendlyTyler: clan 1389 owned the 11th time this year
(135:33 / All) FU.Milos: gg wp
(135:34 / All) yumyumjam: dan you're shit
(136:09 / All) FriendlyTyler: if i was a disgusting inbred serb i would say "chunga lunga"
(136:12 / All) FriendlyTyler: caveman words i guess
(136:21 / All) FriendlyTyler: but since i'm a first-worlder i will say "owned birdnoobs"
(136:38 / All) yumyumjam: where's your 20000 gold...
(136:40 / All) vitezredazmaja: i go to store
(136:46 / All) FriendlyTyler: to buy some skill???? lol
(138:42 / All) FriendlyTyler: i see you clicking
(138:42 / All) FriendlyTyler: lmao
(138:54 / All) vitezredazmaja: cya
(138:56 / All) FriendlyTyler: leave
(139:06 / All) vitezredazmaja: no i go to store
(139:07 / All) yumyumjam: if only you were smarter
(139:09 / All) yumyumjam: you could have won
(139:12 / All) vitezredazmaja: and i back for 5 min
(139:15 / All) yumyumjam: it's not very hard when you have 8 bases
(139:20 / All) yumyumjam: but you're too stupid aren't you?
(139:21 / All) vitezredazmaja: ok
(139:24 / All) vitezredazmaja: cya
(139:26 / All) vitezredazmaja: :D
(139:29 / All) FriendlyTyler: lol
(141:02 / All) FriendlyTyler: clan towa #1
(141:08 / All) FriendlyTyler: http://highper.ch/ for more replays of 1389 getting owned
(142:09 / All) FriendlyTyler: lol
(142:13 / All) FriendlyTyler: doesn't want to lose
(142:15 / All) FriendlyTyler: hahahaha